 Dungeon Crawl Stone Soup version 0.22-a0-307-g2b15929 (webtiles) character file.

12595 Borgoz the Grappler (level 11, 0/104 HPs)
             Began as a Ghoul Gladiator on Apr 1, 2018.
             Was an Initiate of Dithmenos.
             Slain by a komodo dragon (12 damage)
             ... on level 1 of the Lair of Beasts.
             The game lasted 00:23:11 (10381 turns).

Borgoz the Grappler (Ghoul Gladiator)              Turns: 10381, Time: 00:23:12

Health: 0/104      AC:  6    Str: 19    XL:     11   Next: 95%
Magic:  10/10      EV: 18    Int:  3    God:    Dithmenos [......]
Gold:   357        SH:  0    Dex: 13    Spells: 10/10 levels left

rFire    . . .     SeeInvis .     - Unarmed
rCold    + + .     Gourm    .   (no shield)
rNeg     + + +     Faith    .   t - +2 leather armour {rC+}
rPois    ∞         Spirit   .   b - +0 helmet
rElec    .         Reflect  .   (no cloak)
rCorr    .         Harm     .   (no gloves)
MR       .....                  (no boots)
Stlth    +.........             (no amulet)
HPRegen  0.00/turn              (no ring)
MPRegen  0.12/turn              (no ring)

@: rotting, invisible
A: rotting body, claws 1, carnivore, cold resistance 1, negative energy
resistance 3, inhibited regeneration, torment resistance, unbreathing
a: Renounce Religion


You were on level 1 of the Lair of Beasts.
You worshipped Dithmenos.
Dithmenos was noncommittal.
You were not hungry.

You visited 3 branches of the dungeon, and saw 13 of its levels.

You collected 609 gold pieces.
You spent 252 gold pieces at shops.

Inventory:

Missiles
 c - 4 throwing nets (quivered)
Armour
 b - a +0 helmet (worn)
 t - a +2 leather armour of cold resistance (worn)
Jewellery
 h - an uncursed amulet of the gourmand {unknown}
 u - an uncursed ring of resist corrosion {unknown}
Wands
 g - a wand of flame (61)
 p - a wand of paralysis (15)
 y - a wand of acid (2)
Scrolls
 e - 3 scrolls of enchant weapon
 i - 2 scrolls of magic mapping {unknown}
 j - a scroll of random uselessness {unknown}
 k - 2 scrolls of noise {unknown}
 l - a scroll of fear {unknown}
 m - 3 scrolls of fog {unknown}
 n - 3 scrolls of teleportation
 s - a scroll of enchant armour {unknown}
 v - a scroll of blinking {unknown}
 x - 3 scrolls of amnesia
 z - a scroll of immolation {unknown}
Potions
 a - 2 potions of flight
 f - 3 potions of magic
 q - 7 potions of curing
 r - a potion of brilliance
 w - 3 potions of might
Comestibles
 d - 19 rations


   Skills:
 + Level 11.8 Fighting
 - Level 2.0 Throwing
 - Level 0.3 Armour
 + Level 10.3 Dodging
 - Level 0.1 Stealth
 + Level 12.1 Unarmed Combat


You had 10 spell levels left.
You didn't know any spells.

Dungeon Overview and Level Annotations

Branches:
Dungeon (11/15)            Temple (1/1) D:4            Lair (1/6) D:9
    Orc: D:9-12

Altars:
Ashenzari
Cheibriados
Dithmenos
Elyvilon
Fedhas
Gozag
Hepliaklqana
Kikubaaqudgha
Makhleb
Nemelex Xobeh
Okawaru
Qazlal
Ru
Sif Muna
Trog
Uskayaw
Vehumet
Wu Jian
Xom
Yredelemnul
Zin
The Shining One

Shops:
D:5 !   D:6 =   D:10 *   D:11 (


Innate Abilities, Weirdness & Mutations

Your body is rotting away.
You thrive on raw meat.
You are immune to poison.
You have sharp fingernails.
You are carnivorous and can eat meat at any time.
Your flesh is cold resistant. (rC+)
You are immune to negative energy. (rN+++)
You do not regenerate when monsters are visible.
You are immune to unholy pain and torment.
You can survive without breathing.


Message History

You mangle the bullfrog!!
You kill the bullfrog!
Dithmenos accepts your kill. The komodo dragon bites you!
You scratch the komodo dragon.
You claw the komodo dragon, but do no damage.
The komodo dragon is lightly wounded.
The komodo dragon barely misses you.
You scratch the komodo dragon.
The komodo dragon is moderately wounded.
You claw the komodo dragon!
The komodo dragon is heavily wounded.
The komodo dragon bites you!!
* * * LOW HITPOINT WARNING * * *
Okay, then.
Okay, then.
Okay, then.
You fade into invisibility!
The komodo dragon bites you!
You die...

........####..
##.........#....
.............#..
................
............)...
................
................
.......@l.......
........<.......
......P#........
......##........
.....# .....#...
....# ......##.
...# .........
..# .....##...
.....## ##.


You could see a komodo dragon.

Vanquished Creatures
  Erica (Lair:1)
  A tengu warrior (D:10)
  4 two-headed ogres
  Pikel (D:4)
  A kobold demonologist (D:8)
  3 trolls
  A hippogriff (D:9)
  A vampire (D:10)
  10 yaks
  A basilisk (D:9)
  Menkaure (D:7)
  Edmund (D:4)
  3 porcupines (D:9)
  A black bear (D:10)
  2 orc warriors
  2 sky beasts
  2 ice beasts
  3 slaves (D:4)
  3 phantoms
  3 ogres
  A necrophage (D:7)
  5 centaurs
  5 crocodiles
  A big kobold (D:8)
  6 bullfrogs
  2 water moccasin zombies
  A gnoll sergeant (D:7)
  A wyvern skeleton (D:11)
  4 scorpions
  9 killer bees
  3 wights (D:9)
  A howler monkey (D:5)
  7 crimson imps
  A jelly (D:8)
  2 bullfrog zombies
  4 hounds
  5 orc priests
  A centaur skeleton (D:8)
  11 orc wizards
  4 iguanas
  Terence (D:2)
  4 worker ants
  A killer bee zombie (D:7)
  3 hound skeletons
  A worker ant zombie (D:5)
  6 gnolls
  13 adders
  2 shadow imps
  An adder zombie (D:7)
  5 worms
  A dart slug (D:1)
  7 leopard geckos
  33 orcs
  7 bats
  6 giant cockroaches
  5 hobgoblins
  8 jackals
  2 quokkas
  2 ball pythons
  5 frilled lizards
  6 goblins
  7 kobolds
  A leopard gecko zombie (D:6)
  A quokka zombie (D:8)
  8 rats
255 creatures vanquished.

Vanquished Creatures (others)
  A fungus (D:9)
  5 plants (D:9)
6 creatures vanquished.

Grand Total: 261 creatures vanquished

Notes
Turn   | Place    | Note
-------+----------+-------------------------------------------
     0 | D:1      | Borgoz the Ghoul Gladiator began the quest for the Orb.
     0 | D:1      | Reached XP level 1. HP: 17/17 MP: 0/0
     9 | D:1      | Noticed a bullfrog
   163 | D:1      | Reached XP level 2. HP: 25/25 MP: 1/1
   402 | D:1      | Reached XP level 3. HP: 30/30 MP: 2/2
   685 | D:2      | Reached skill level 4 in Unarmed Combat
   698 | D:2      | Noticed Terence
  1094 | D:2      | Reached XP level 4. HP: 37/37 MP: 3/3
  1251 | D:2      | Killed Terence
  1600 | D:3      | Reached XP level 5. HP: 41/43 MP: 4/4
  2123 | D:4      | Noticed Edmund
  2145 | D:4      | Killed Edmund
  2145 | D:4      | Reached skill level 5 in Unarmed Combat
  2145 | D:4      | Reached XP level 6. HP: 21/52 MP: 5/5
  2299 | D:4      | Reached XP level 7. HP: 49/60 MP: 6/6
  2373 | D:4      | Noticed Pikel
  2439 | D:4      | Paralysed by Pikel for 7 turns
  2450 | D:4      | Killed Pikel
  2450 | D:4      | Reached skill level 5 in Fighting
  2450 | D:4      | Reached skill level 5 in Dodging
  2450 | D:4      | Reached skill level 6 in Unarmed Combat
  2450 | D:4      | Reached XP level 8. HP: 24/70 MP: 7/7
  2608 | D:4      | Found an opulent altar of Gozag.
  2641 | D:4      | Found a staircase to the Ecumenical Temple.
  2660 | Temple   | Entered the Ecumenical Temple
  3334 | D:5      | Entered Level 5 of the Dungeon
  3357 | D:5      | Reached skill level 7 in Unarmed Combat
  3360 | D:5      | Found a blossoming altar of Fedhas.
  3902 | D:5      | Found Supudiodgh's Distillery.
  3905 | D:5      | Bought a potion of heal wounds for 70 gold pieces
  3905 | D:5      | Bought a potion of haste for 140 gold pieces
  4005 | D:6      | Found a sparkling altar of Nemelex Xobeh.
  4327 | D:6      | Found a shimmering altar of Xom.
  4342 | D:6      | Reached XP level 9. HP: 77/78 MP: 8/8
  4367 | D:6      | Found Xerilal's Jewellery Shop.
  4919 | D:6      | Reached skill level 8 in Unarmed Combat
  5156 | D:6      | Found an opulent altar of Gozag.
  5158 | D:6      | Found a glowing silver altar of Zin.
  5158 | D:6      | Found a shattered altar of Ashenzari.
  5160 | D:6      | Found a shimmering altar of Xom.
  5160 | D:6      | Found an ancient bone altar of Kikubaaqudgha.
  5160 | D:6      | Found a bloodstained altar of Trog.
  5717 | D:7      | Noticed Menkaure
  5723 | D:7      | Killed Menkaure
  6198 | D:8      | Noticed a four-headed hydra
  6200 | D:8      | Reached skill level 9 in Unarmed Combat
  6709 | D:8      | Noticed a four-headed hydra
  6792 | D:9      | Noticed a troll
  6811 | D:10     | Entered Level 10 of the Dungeon
  6898 | D:10     | Noticed a tengu warrior
  6920 | D:10     | Killed a tengu warrior
  6920 | D:10     | Reached XP level 10. HP: 22/91 MP: 9/9
  7276 | D:10     | Reached skill level 10 in Unarmed Combat
  7301 | D:10     | Noticed a two-headed ogre
  7318 | D:10     | Killed a two-headed ogre
  7642 | D:10     | Found Adoyk's General Store.
  7650 | D:10     | Bought a scroll of teleportation for 42 gold pieces
  7783 | D:10     | Reached skill level 10 in Fighting
  8248 | D:9      | Reached XP level 11. HP: 84/101 MP: 10/10
  8331 | D:9      | Noticed a two-headed ogre
  8343 | D:9      | Killed a two-headed ogre
  8343 | D:9      | Reached skill level 11 in Unarmed Combat
  8565 | D:9      | Noticed a two-headed ogre
  8863 | D:8      | Found a shadowy altar of Dithmenos.
  8872 | D:8      | Became a worshipper of Dithmenos the Shadowed
  9128 | D:8      | Noticed a two-headed ogre
  9137 | D:8      | Killed a two-headed ogre
  9525 | D:9      | Noticed a two-headed ogre
  9534 | D:9      | Killed a two-headed ogre
  9534 | D:9      | Reached skill level 10 in Dodging
  9546 | D:9      | Found a staircase to the Lair.
 10009 | D:10     | Reached skill level 12 in Unarmed Combat
 10282 | D:11     | Found Gottikhe's Weapon Emporium.
 10359 | Lair:1   | Entered Level 1 of the Lair of Beasts
 10359 | Lair:1   | Noticed Erica
 10364 | Lair:1   | Killed Erica
 10381 | Lair:1   | Slain by a komodo dragon

Vault maps used:
D:1:      evilmike_arrival_come_back
D:2:      uniq_terence
D:3:      st_stairs_14, minivault_24
D:4:      nicolae_gozag_cash_rules_everything_around_me, temple_doors_ab,
          first_ration, serial_park_tiny_pond, uniq_pikel, uniq_edmund
D:5:      serial_shops, kennysheep_mini, basic_altar
D:6:      nemelex_xobeh_ov_fountains_minmay, lemuel_crystal_altar, serial_shops,
          nicolae_shop_crystal, doesnt_xom_only_xom
D:7:      uniq_menkaure
D:8:      minmay_diamond_stairs, nicolae_dithmenos_the_darkroom
D:9:      minmay_lair_entry_grove
D:10:     serial_shops, kennysheep_little_box, grunt_tengu_nest,
          minmay_misc_feat_secret_circle
D:11:     serial_shops, shop, uniq_sonja
Temple:   hc_temple_tempest_star
Lair:1:   uniq_nergalle, uniq_erica

Skill      XL: |  1  2  3  4  5  6  7  8  9 10 11 |
---------------+----------------------------------+-----
Dodging        | 3 4 5 6 8 9 10 | 10.3
Throwing       | 2 |  2.0
Unarmed Combat | 4 5 6 7 9 10 12 | 12.1
Fighting       | 3 4 5 7 9 10 11 | 11.8
Armour         | |  0.3
Stealth        | |  0.1

Action                   |  1- 3 |  4- 6 |  7- 9 | 10-12 || total
-------------------------+-------+-------+-------+-------++-------
Melee: Unarmed           |   114 |   168 |   418 |   402 ||  1102
       Punch             |     1 |     3 |    15 |    25 ||    44
Evoke: Wand              |       |       |     5 |     1 ||     6
  Use: Scroll            |       |     6 |     3 |     4 ||    13
       Potion            |       |     1 |     5 |     4 ||    10
  Eat: Chunk             |     5 |    15 |    53 |    69 ||   142
Armor: Chain mail        |    87 |    32 |       |       ||   119
       Leather armour    |       |    14 |   100 |    56 ||   170
Dodge: Dodged            |    59 |    62 |   281 |   279 ||   681

Table legend:
 A = Spawn XP
 B = Non-spawn XP
 C = Spawn XP percentage of total XP
 D = Spawn monster count
 E = Non-spawn monster count
 F = Spawn count percentage of total count
 G = Total turns spent on level
                    A         B        C        D         E        F      G
               +---------+---------+-------+---------+---------+-------+---------
         Total |       0 |   17993 |   0.0 |       0 |     252 |   0.0 | 10381
               +---------+---------+-------+---------+---------+-------+---------
           D:1 |       0 |      63 |   0.0 |       0 |      27 |   0.0 |   969
           D:2 |       0 |      72 |   0.0 |       0 |      13 |   0.0 |   444
           D:3 |       0 |     134 |   0.0 |       0 |      21 |   0.0 |   676
           D:4 |       0 |    1158 |   0.0 |       0 |      25 |   0.0 |   850
           D:5 |       0 |     760 |   0.0 |       0 |      26 |   0.0 |   781
           D:6 |       0 |     398 |   0.0 |       0 |       9 |   0.0 |  1082
           D:7 |       0 |    1374 |   0.0 |       0 |      28 |   0.0 |  1376
           D:8 |       0 |    2664 |   0.0 |       0 |      23 |   0.0 |   949
           D:9 |       0 |    5838 |   0.0 |       0 |      45 |   0.0 |  1278
          D:10 |       0 |    4295 |   0.0 |       0 |      30 |   0.0 |  1450
          D:11 |       0 |     126 |   0.0 |       0 |       2 |   0.0 |   109
        Lair:1 |       0 |    1111 |   0.0 |       0 |       3 |   0.0 |    22
               +---------+---------+-------+---------+---------+-------+---------
